 Dungeon Sprint DCSS version 0.16.1-51-g6203257 (webtiles) character file.

9 Jb9000 the Shield-Bearer (level 2, 0/20 HPs)
             Began as a Gargoyle Fighter on July 18, 2015.
             Slain by a purple ugly thing (12 damage)
             ... in the Dungeon (Sprint V: "Ziggurat Sprint").
             The game lasted 00:12:55 (279 turns).

Jb9000 the Shield-Bearer (Gargoyle Fighter)          Turns: 279, Time: 00:12:58

Health: 0/20       AC: 17    Str: 25    XL:     2   Next: 12%
Magic:  3/3        EV: 10    Int:  8    God:
Gold:   0          SH:  0    Dex: 15    Spells: 0 memorised, 4 levels left

rFire  + + +     SeeInvis .     D - +7 great mace "Firestarter" {flame, inner flame, rF++}
rCold  x . .     Clarity  .     m - +5 fire dragon armour
rNeg   + . .     SustAb   .     (no shield)
rPois  ∞         Gourm    .     (no helmet)
rElec  +         Spirit   .     (no cloak)
rCorr  .         Warding  .     (no gloves)
rMut   .         NoTele   +     (no boots)
MR     .....                    (no amulet)
Stlth  ..........               S - +6 ring of dexterity
                                W - +6 ring of strength

@: not resistant to hostile enchantments, extremely unstealthy
A: negative energy resistance 1, electricity resistance, unbreathing,
petrification resistance, rot immunity, AC +2
a: no special abilities


You were in the Dungeon.
You were very full.

You visited 1 branch

Inventory:

Hand weapons
 A - the +7 Singing Sword
   (You found it in the Dungeon)
 B - the +0 Sword of Power
   (You found it in the Dungeon)
 C - the cursed +9 Sword of Zonguldrok {reap, Curse}
   (You found it in the Dungeon)

   If a monster killed with it leaves a corpse in good enough shape, the corpse
   will be animated as a zombie friendly to the killer.
   It may re-curse itself when equipped.
   It has a curse placed upon it.
 D - the +7 great mace "Firestarter" (weapon) {flame, inner flame, rF++}
   (You found it in the Dungeon)

   It has been specially enchanted to burn those struck by it, causing extra
   injury to most foes and up to half again as much damage against particularly
   susceptible opponents.
   It greatly protects you from fire.
 E - the +8 lance "Wyrmbane" {slay drac, +Rage rPois rF+ AC+5}
   (You found it in the Dungeon)

   It affects your AC (+5).
   It protects you from fire.
   It protects you from poison.
   It lets you go berserk.
 F - the +7 longbow "Piercer" {penet, EV-2}
   (You found it in the Dungeon)

   Ammo fired by it will pass through the targets it hits, potentially hitting
   all targets in its path until it reaches maximum range.
   It affects your evasion (-2).
 G - the +14 plutonium sword {Contam Stlth-}
   (You found it in the Dungeon)

   It causes magical contamination when unequipped.
   It makes you less stealthy.
 H - the +6 shillelagh "Devastator" {shatter}
   (You found it in the Dungeon)
 I - the +6 Majin-Bo {vamp, Archmagi MP+6 Int+6}
   (You found it in the Dungeon)

   It inflicts no extra harm, but heals its wielder somewhat when it strikes a
   living foe.
   It affects your intelligence (+6).
   It affects your magic capacity (+6).
 J - the +10 dark maul {crush}
   (You found it in the Dungeon)

   It inflicts extra damage upon your enemies.
 K - the +15 heavy crossbow "Sniper" {velocity, SInv}
   (You found it in the Dungeon)

   Any bolt fired from it inflicts extra damage.
   It enhances your eyesight.
 L - the cursed +14 obsidian axe {chop, +Fly Str+3 SInv Curse}
   (You found it in the Dungeon)

   It inflicts extra damage upon your enemies.
   It affects your strength (+3).
   It enhances your eyesight.
   It lets you fly.
   It may re-curse itself when equipped.
   It has a curse placed upon it.
Missiles
 n - 1000 arrows
 w - 999 bolts
Armour
 l - a +5 crystal plate armour
 m - a +5 fire dragon armour (worn)
 o - a +5 ice dragon armour
 q - a +5 shadow dragon armour
 r - a +5 storm dragon armour
 M - the cursed +15 Maxwell's patent armour {-Cast -Tele rElec MR+ rCorr}
   (You found it in the Dungeon)

   It insulates you from electricity.
   It affects your resistance to hostile enchantments.
   It prevents spellcasting.
   It prevents most forms of teleportation.
   It protects you from acid and corrosion.
   It has a curse placed upon it.
 N - the +18 shield of the gong {rElec rN+ MR+ EV-5}
   (You found it in the Dungeon)

   It affects your evasion (-5).
   It insulates you from electricity.
   It protects you from negative energy.
   It affects your resistance to hostile enchantments.
Jewellery
 z - an uncursed ring of protection from fire
 S - a +6 ring of dexterity (right hand)
 T - a +6 ring of dexterity
 U - a +6 ring of intelligence
 V - a +6 ring of intelligence
 W - a +6 ring of strength (left hand)
 X - a +6 ring of strength
Magical devices
 O - a wand of disintegration (7)
 P - a wand of fire (5)
 Q - a wand of cold (5)
 R - a wand of draining (5)
Scrolls
 c - 4 scrolls of amnesia
 k - 4 scrolls of blinking
 p - 5 scrolls of remove curse
 s - 2 scrolls of fear
 t - 3 scrolls of recharging
 v - 7 scrolls of fog
 x - a scroll of holy word
 y - 5 scrolls of identify
Potions
 e - 6 potions of might
 f - 10 potions of curing
 g - 10 potions of heal wounds
 h - 6 potions of haste
 i - 7 potions of magic
 j - 3 potions of berserk rage
 u - 2 potions of invisibility
Miscellaneous
 a - a fan of gales
 Y - a crystal ball of energy
 Z - a disc of storms
Comestibles
 b - 4 meat rations
 d - 5 bread rations


   Skills:
 + Level 4.0 Fighting
 - Level 1.6 Long Blades
 + Level 1.7(2.4) Axes
 + Level 2.8(3.1) Maces & Flails
 - Level 1.8 Bows
 + Level 1.9 Crossbows
 + Level 4.0 Armour
 - Level 1.2 Dodging
 * Level 2.3 Stealth
 + Level 4.1 Shields
 - Level 1.7 Spellcasting
 - Level 1.5 Evocations


You had 4 spell levels left.
You didn't know any spells.

Dungeon Overview and Level Annotations

Branches:
Dungeon (1/1)

Altars:
Ashenzari
Cheibriados
Dithmenos
Elyvilon
Fedhas
Gozag
Kikubaaqudgha
Makhleb
Nemelex Xobeh
Okawaru
Qazlal
Ru
Sif Muna
Trog
Vehumet
Xom
Yredelemnul
Zin
The Shining One
Beogh
Jiyva
Lugonu


Innate Abilities, Weirdness & Mutations

You are resistant to torment.
You are immune to poison.
Your stone body is very resilient (AC +2).
You resist negative energy.
You are resistant to electric shocks.
You can survive without breathing.
You are immune to petrification.
You are immune to rotting.


Message History

The wasp stings you but does no damage.
The purple ugly thing engulfs you but does no damage.
The wasp stings you but does no damage.
The brain worm's bulging head throbs.
Something tries to feed on your intellect!
You sock the purple ugly thing! You burn the purple ugly thing.
The purple ugly thing is heavily wounded.
The wasp stings you but does no damage.
The purple ugly thing closely misses you.
The wasp stings you but does no damage.
The purple ugly thing engulfs you but does no damage.
The wasp stings you but does no damage.
You closely miss the purple ugly thing.
The purple ugly thing is heavily wounded.
The wasp closely misses you.
The purple ugly thing engulfs you but does no damage.
The brain worm barely misses you. The wasp stings you!
The purple ugly thing engulfs you!
Ouch! That really hurt!
You die...

▓▓▓▓▓▓▓▓▓▓▓▓▓
▓.8©8.▓.8©8.▓
▓.=[[.▓.....▓
▓.....▓..%..▓
▓.....▓.....▓
▓.....▓.....▓
▓.uyw.▓.....▓
▓..@..▓▓▓▓▓▓▓
▓▓▓▓▓▓▓


You could see a purple ugly thing (inner flame), a brain worm shaped shifter and
a wasp.

Vanquished Creatures
  A bat skeleton (D)
  A quokka zombie (D)
2 creatures vanquished.

Notes
Turn   | Place    | Note
--------------------------------------------------------------
     0 | D        | Jb9000, the Gargoyle Fighter, began the quest for the Orb.
     0 | D        | Reached XP level 1. HP: 14/14 MP: 1/1
     0 | D        | Found a basalt altar of Yredelemnul.
     0 | D        | Found an iron altar of Okawaru.
     2 | D        | Found a radiant altar of Vehumet.
    16 | D        | Found a corrupted altar of Lugonu.
    16 | D        | Found a burning altar of Makhleb.
    18 | D        | Found a shimmering altar of Xom.
    71 | D        | Found a deep blue altar of Sif Muna.
    72 | D        | Found a sparkling altar of Nemelex Xobeh.
    73 | D        | Found a white marble altar of Elyvilon.
    73 | D        | Found a bloodstained altar of Trog.
    83 | D        | Found a viscous altar of Jiyva.
   204 | D        | Reached skill level 4 in Fighting
   204 | D        | Reached skill level 1 in Long Blades
   204 | D        | Reached skill level 1 in Axes
   204 | D        | Reached skill level 1 in Bows
   204 | D        | Reached skill level 1 in Crossbows
   204 | D        | Reached skill level 1 in Dodging
   204 | D        | Reached skill level 1 in Spellcasting
   204 | D        | Reached skill level 1 in Evocations
   204 | D        | Reached XP level 2. HP: 18/20 MP: 1/3
   249 | D        | Entered arena 1.
   273 | D        | Entered arena 2.
   273 | D        | Noticed a wasp
   273 | D        | Noticed a fire drake
   273 | D        | Noticed a purple ugly thing
   275 | D        | Noticed a brain worm
   275 | D        | a fire drake changed into a brain worm
   279 | D        | Slain by a purple ugly thing

Action                   || total
-------------------------++-------
Melee: Great mace        ||     3
       Double sword      ||     2
 Fire: Heavy crossbow    ||     2
  Use: Potion            ||     1
  Eat: Fruit             ||     5
